 Dungeon Crawl Stone Soup version 0.22-a0-42-g002c468 (webtiles) character file.

137053 shenanigans the Thaumaturge (level 17, -1/136 HPs)
             Began as a Barachi Skald on Jan 4, 2018.
             Was the Champion of Okawaru.
             Killed from afar by a lindwurm (21 damage)
             ... with a blast of flame
             ... on level 4 of the Swamp on Jan 5, 2018.
             The game lasted 01:51:10 (30624 turns).

shenanigans the Thaumaturge (Barachi Skald)        Turns: 30624, Time: 01:51:23

Health: -1/136     AC: 28    Str: 12    XL:     17   Next: 23%
Magic:  43/43      EV:  9    Int: 22    God:    Okawaru [******]
Gold:   2200       SH: 17    Dex: 13    Spells: 37/43 levels left

rFire    + . .     SeeInvis .   a - +6 falchion of Ewnif {slice, +Blink rElec}
rCold    + . .     Gourm    .   H - +0 large shield
rNeg     . . .     Faith    .   r - +4 chain mail of Ideoxter {rCorr}
rPois    +         Spirit   .   X - +2 helmet
rElec    +         Reflect  .   Z - +0 cloak
rCorr    +         Harm     .   c - +3 pair of gloves of Sicymoc {*Corrode rElec rC+ Int+2}
MR       +++..                  Y - +0 pair of boots
Stlth    ..........             Q - amulet of regeneration
HPRegen  0.72/turn              w - ring "Laos" {Fire rElec rPois MR+}
MPRegen  0.28/turn              B - ring of Igiobiank {rC+ MR+ MP+9 Slay+2}

@: can't hop, slow
A: +LOS, swims, slowness 1, strong legs 2
a: Hop, Heroism, Finesse, Renounce Religion, Evoke Blink


You were on level 4 of the Swamp.
You worshipped Okawaru.
Okawaru was exalted by your worship.
You were not hungry.

You visited 5 branches of the dungeon, and saw 28 of its levels.
You also visited: Ice Cave.

You collected 2794 gold pieces.
You spent 594 gold pieces at shops.

Inventory:

Hand Weapons
 a - the +6 falchion of Ewnif (weapon) {slice, +Blink rElec}
   (Okawaru gifted it to you on level 15 of the Dungeon)

   It inflicts extra damage upon your enemies.
   It insulates you from electricity.
   It lets you blink.
 b - a +3 scimitar of flaming
 k - a +5 demon blade of venom
 s - the +5 scimitar of Intimidation {vamp, *Slow Str+2 Dex+7 Stlth+}
   (Okawaru gifted it to you on level 4 of the Lair of Beasts)

   It inflicts no extra harm, but heals its wielder when it wounds a living foe.
   It affects your strength (+2).
   It affects your dexterity (+7).
   It may slow you when you take damage.
   It makes you more stealthy.
 y - the +7 double sword of the Seven Ships {freeze, -Tele *Rage rPois rN+++}
   (You acquired it on level 6 of the Lair of Beasts)

   It has been specially enchanted to freeze those struck by it, causing extra
   injury to most foes and up to half again as much damage against particularly
   susceptible opponents.
   It can also slow down cold-blooded creatures.
   It protects you from poison.
   It renders you almost immune to negative energy.
   It prevents most forms of teleportation.
   It may make you go berserk in combat.
Missiles
 x - 29 tomahawks (quivered)
Armour
 c - the +3 pair of gloves of Sicymoc (worn) {*Corrode rElec rC+ Int+2}
   (You found it on level 9 of the Dungeon)

   It affects your intelligence (+2).
   It protects you from cold.
   It insulates you from electricity.
   It may corrode you when you take damage.
 r - the +4 chain mail of Ideoxter (worn) {rCorr}
   (You found it on level 9 of the Dungeon)

   It protects you from acid and corrosion.
 v - the +1 pair of gloves "Xuppycom" {MR+ Dex+3}
   (Okawaru gifted it to you on level 2 of the Lair of Beasts)

   It affects your dexterity (+3).
   It affects your resistance to hostile enchantments.
 H - a +0 large shield (worn)
 U - the +1 ring mail "Azaoshom" {Regen+ SInv}
   (You found it on level 13 of the Dungeon)

   It lets you see invisible.
   It increases your rate of regeneration.
 X - a +2 helmet (worn)
 Y - a +0 pair of boots (worn)
 Z - a +0 cloak (worn)
Jewellery
 m - a +4 ring of slaying
 o - an uncursed ring of poison resistance
 w - the ring "Laos" (left hand) {Fire rElec rPois MR+}
   (You took it off a spriggan rider on level 4 of the Swamp)

   [ring of fire]

   It enhances your fire magic.
   It protects you from fire.
   It makes you vulnerable to cold.
   It insulates you from electricity.
   It protects you from poison.
   It affects your resistance to hostile enchantments.
 B - the ring of Igiobiank (right hand) {rC+ MR+ MP+9 Slay+2}
   (You found it on level 4 of the Dungeon)

   [ring of protection from magic]

   It affects your accuracy and damage with ranged weapons and melee attacks
   (+2).
   It protects you from cold.
   It affects your resistance to hostile enchantments.
   It affects your magic capacity (+9).
 G - a +5 amulet of reflection {unknown}
 L - the amulet "Zenlaciq" {Faith *Corrode rF+ Str+4 Dex+3}
   (You found it on level 6 of the Lair of Beasts)

   [amulet of faith]

   It allows you to gain divine favour quickly.
   It affects your strength (+4).
   It affects your dexterity (+3).
   It protects you from fire.
   It may corrode you when you take damage.
 N - an uncursed ring of resist corrosion
 Q - an amulet of regeneration (around neck)
Wands
 C - a wand of flame (26)
 E - a wand of paralysis (7)
 F - a wand of digging (7)
 P - a wand of iceblast (7)
Scrolls
 h - 6 scrolls of teleportation
 i - a scroll of identify
 n - 12 scrolls of amnesia
 p - a scroll of magic mapping
 D - 2 scrolls of enchant weapon
 I - 2 scrolls of brand weapon
 K - a scroll of fog {unknown}
 O - 6 scrolls of remove curse
 W - 2 scrolls of silence
Potions
 e - 4 potions of haste
 f - 2 potions of might
 j - 2 potions of magic
 l - 4 potions of brilliance
 q - 3 potions of cancellation {unknown}
 t - 2 potions of resistance
 z - 3 potions of flight
 A - 2 potions of lignification
 J - 3 potions of agility
 M - 5 potions of curing
 R - 4 potions of invisibility
 S - a potion of berserk rage
 T - 3 potions of mutation
Miscellaneous
 V - a box of beasts
Comestibles
 d - 25 rations


   Skills:
 - Level 13.1 Fighting
 - Level 13.1 Long Blades
 - Level 13.1 Armour
 - Level 13.1 Dodging
 - Level 13.1 Shields
 + Level 13.5 Spellcasting
 - Level 3.2 Charms
 + Level 9.3 Ice Magic
 - Level 7.2 Invocations


You had 37 spell levels left.
You knew the following spells:

 Your Spells              Type           Power        Failure   Level  Hunger
a - Infusion              Chrm           ####         61%         1    None
b - Song of Slaying       Chrm           ####....     75%         2    None
c - Apportation           Tloc           ##....       97%         1    None
d - Ensorcelled Hibernat  Hex/Ice        #####.       54%         2    None


Dungeon Overview and Level Annotations

Branches:
Dungeon (15/15)            Temple (1/1) D:7            Lair (6/6) D:8
  Swamp (4/4) Lair:4        Snake (0/4) Lair:2        Slime (0/5) Lair:6
    Orc (2/2) D:11            Elf (0/3) Orc:2        Vaults (0/5) D:14
 Depths (0/5) D:15

Altars:
Ashenzari
Cheibriados
Dithmenos
Elyvilon
Fedhas
Hepliaklqana
Kikubaaqudgha
Makhleb
Nemelex Xobeh
Okawaru
Qazlal
Ru
Sif Muna
Trog
Uskayaw
Vehumet
Wu Jian
Xom
Yredelemnul
Zin
The Shining One

Shops:
D:11 (   D:12 [::[}   D:13 [   D:14 [   Orc:2 *(=(?

Portals:
Trove: D:10 (give +4 fire dragon scales)

Annotations:
D:6 handsome's ghost, novice SpGl
D:7 exclusion: oklob plant
D:8 exclusion: statue


Innate Abilities, Weirdness & Mutations

Shadows flee at your approach. (+LOS)
You can swim through water.
You cover ground slowly.
You can hop long distances.


Message History

The spriggan rider hits you from afar with an enchanted spear.
* * * LOW HITPOINT WARNING * * *
Things that are here:
+0 swamp dragon scales; a swamp dragon corpse The lindwurm roars!
The spriggan rider shouts!
You hear a roar!
The spriggan rider hits you with an enchanted spear.
* * * LOW HITPOINT WARNING * * *
The lindwurm breathes flames at you. The blast of flame hits you! You resist.
* * * LOW HITPOINT WARNING * * *
You hear a roar!
Hop to where?
Press: ? - help, Dir - move target cursor Floosh!
Boing!
The steam dragon hisses angrily.
The fire dragon roars deafeningly!
The swamp drake roars!
You hear a deafening roar!
You hear a roar!
The lindwurm breathes flames at you. The blast of flame hits you! You resist.
You die...

.≈♣♣≈≈♣ ♣♣♣.≈≈≈≈≈≈D♣§§≈≈≈≈≈≈k§
....<≈♣ ♣♣≈.≈≈≈≈≈≈≈.≈≈≈≈≈≈≈≈≈§D
≈≈≈≈†/♣♣ ≈.≈≈≈≈≈≈≈≈≈≈≈≈≈≈≈≈≈DD§
≈≈≈≈≈≈.♣♣ .≈≈§≈≈≈≈≈≈≈D≈≈≈≈k≈≈≈≈
≈≈≈≈≈≈≈≈♣ ≈≈≈≈≈≈≈≈.≈≈§≈≈D≈≈)k≈≈
≈≈≈≈≈≈≈.♣ .≈≈≈.≈≈≈..≈ D≈≈≈.≈..♣
≈≈.≈≈≈≈.♣ ♣.i≈..≈≈.≈♣....≈D≈≈♣♣§
♣≈.≈≈≈§♣♣♣i.≈k♣♣§≈≈♣♣≈....≈.≈ ≈♣
≈≈≈.≈♣♣♣≈DD≈♣ ♣.@≈...≈≈%≈.≈≈ ≈.
≈≈P.≈♣♣♣≈♣♣♣♣ ♣♣<§..≈≈..≈.. .♣≈
≈≈)P≈.♣♣Pf♣♣♣ ♣♣≈≈.♣.≈..♣ ≈.
≈≈≈†≈.♣♣♣Dw.♣♣.♣≈.i§..≈Dk
≈≈≈≈≈§.♣♣...!≈.≈≈≈♣≈k##♣≈
≈≈≈PPPPP..≈†≈≈....♣#?i##
≈≈≈≈PPPPP≈≈≈.♣.♣≈≈♣†#≈.##
≈≈≈§≈w≈≈≈≈≈†..♣♣≈♣##.§≈.#.##.
≈≈≈≈.≈♣♣≈≈≈...♣♣.♣#≈[≈≈.....≈≈.≈


You could see 2 fire dragons, a spriggan rider, a swamp drake and a steam
dragon.

Vanquished Creatures
  A tengu reaver (D:11)
  2 thorn hunters
  Louise (Swamp:1)
  Nessos (D:15)
  The ghost of TySteely the Transmogrifier, a journeyman DrTm of Okawaru (D:15)
  Azrael (D:12)
  2 fire dragons
  Josephine (D:11)
  Erolcha (Orc:1)
  An ice dragon (D:15)
  A rakshasa (D:12)
  18 hydras
  A merfolk avatar (Lair:6)
  A catoblepas (Lair:3)
  5 centaur warriors
  Erica (Orc:1)
  Harold (Lair:3)
  2 ghost crabs
  2 alligators
  A queen ant (Lair:2)
  8 two-headed ogres
  4 death yaks (Lair:6)
  A death knight (D:12)
  An orc high priest (Orc:1)
  Sonja (Lair:3)
  A fire crab (Swamp:4)
  Nergalle (D:10)
  A skeletal warrior (D:14)
  2 unseen horrors
  A sea snake (Lair:6)
  4 swamp dragons
  A deep elf archer (D:14)
  2 shambling mangroves
  An orc knight (D:11)
  A wolf spider zombie (D:15)
  5 orc sorcerers
  4 deep elf magi (D:14)
  A cyclops (D:12)
  An oklob plant (Swamp:3)
  10 ugly things
  10 elephants
  A wolf spider (D:15)
  5 black mambas
  3 gargoyles
  24 spiny frogs
  7 centaur skeletons
  2 kobold demonologists
  4 yaktaurs (D:14)
  4 rime drakes
  An efreet (D:14)
  14 komodo dragons
  6 trolls
  2 wind drakes (Lair:6)
  Grinder (D:4)
  A merfolk (D:10)
  5 polar bears
  The ghost of isock the Magician, an amateur GnWn of Fedhas (D:5)
  5 bog bodies
  9 hornets
  A meliai zombie (D:15)
  3 tyrant leeches
  A wolf spider simulacrum (IceCv)
  22 blink frogs
  5 dream sheep (Lair:5)
  8 hippogriffs
  21 slime creatures
  3 shadows
  7 wyverns
  5 wraiths
  45 yaks
  5 spriggans
  4 vampires
  6 basilisks
  3 fire elementals
  Grum (D:11)
  A steam dragon (Swamp:4)
  3 hungry ghosts
  21 vampire mosquitoes
  20 swamp worms
  22 insubstantial wisps
  11 soldier ants (Lair:2)
  10 water moccasins
  Duvessa (D:4)
  13 porcupines
  3 hell hounds (D:12)
  3 swamp drakes
  12 ice beasts
  A sky beast (D:5)
  2 phantoms
  A black bear (D:7)
  17 orc warriors
  A hornet zombie (D:10)
  14 ogres
  2 wolves (D:11)
  10 centaurs
  14 crocodiles
  4 big kobolds
  17 bullfrogs
  A scorpion (D:10)
  2 wyvern skeletons
  Dowan (D:4)
  A troll zombie (D:11)
  18 killer bees
  19 wights
  13 howler monkeys
  5 electric eels
  2 crimson imps
  4 centaur zombies
  2 bullfrog zombies
  16 jellies
  18 orc priests
  2 bullfrog skeletons
  7 hounds
  38 orc wizards
  Natasha (thrice) (D:3)
  5 iguanas
  40 worker ants
  7 ogre zombies (D:11)
  A howler monkey zombie (D:11)
  2 worker ant zombies
  A howler monkey skeleton (D:9)
  14 adders
  5 shadow imps
  4 oozes
  2 adder skeletons
  5 worms
  6 dart slugs
  9 leopard geckos
  58 orcs
  2 ball pythons
  6 bats
  4 giant cockroaches
  5 goblins
  14 hobgoblins
  11 jackals
  27 kobolds
  9 quokkas
  5 frilled lizards
  A goblin skeleton (D:11)
  4 goblin zombies (D:11)
  2 hobgoblin skeletons (D:11)
  4 hobgoblin zombies (D:11)
  A jackal skeleton (D:4)
  An orc skeleton (D:11)
  13 orc zombies
  A quokka skeleton (D:5)
  8 rats
973 creatures vanquished.

Vanquished Creatures (others)
  A hydra (Swamp:4)
  2 swamp dragons (Swamp:4)
  A hornet (Swamp:1)
  A yak (D:14)
  3 steam dragons (Swamp:4)
  A vampire mosquito (Swamp:4)
  5 swamp drakes (Swamp:4)
  3 briar patches (Swamp:4)
  8 fungi
  3 plants
28 creatures vanquished.

Grand Total: 1001 creatures vanquished

Notes
Turn   | Place    | Note
-------+----------+-------------------------------------------
     0 | D:1      | shenanigans the Barachi Skald began the quest for the Orb.
     0 | D:1      | Reached XP level 1. HP: 17/17 MP: 3/3
   236 | D:1      | Reached XP level 2. HP: 21/23 MP: 5/5
   753 | D:1      | Reached XP level 3. HP: 26/29 MP: 6/6
  1662 | D:2      | Reached XP level 4. HP: 33/35 MP: 7/7
  1691 | D:2      | Reached skill level 1 in Shields
  1817 | D:2      | Found a shadowy altar of Dithmenos.
  1903 | D:2      | Noticed a centaur
  1920 | D:2      | Killed a centaur
  1920 | D:2      | Reached XP level 5. HP: 23/41 MP: 8/8
  2370 | D:3      | Noticed Natasha
  2383 | D:3      | Killed Natasha
  2713 | D:3      | Reached XP level 6. HP: 47/48 MP: 9/9
  2855 | D:3      | Noticed Natasha
  2862 | D:3      | Killed Natasha
  3128 | D:3      | Found a shimmering altar of Xom.
  3196 | D:3      | Found a shattered altar of Ashenzari.
  3348 | D:3      | Found a stormy altar of Qazlal.
  3349 | D:3      | Noticed Natasha
  3356 | D:3      | Killed Natasha
  3677 | D:4      | Reached XP level 7. HP: 34/54 MP: 10/10
  4096 | D:4      | Got a bound golden ring
  4098 | D:4      | Identified the ring of Igiobiank {rC+ MR+ MP+9 Slay+2} (You found it on level 4 of the Dungeon)
  4553 | D:4      | Noticed Grinder
  4592 | D:4      | Killed Grinder
  4592 | D:4      | Reached skill level 5 in Shields
  4592 | D:4      | Reached XP level 8. HP: 12/61 MP: 11/11
  5028 | D:4      | Found a deep blue altar of Sif Muna.
  5051 | D:4      | Reached skill level 5 in Fighting
  5051 | D:4      | Reached skill level 5 in Long Blades
  5254 | D:4      | Identified Sif Muna's Volume of Unholy Arts
  5464 | D:4      | Noticed Duvessa
  5465 | D:4      | Noticed Dowan
  5479 | D:4      | Killed Dowan
  5483 | D:4      | Killed Duvessa
  5660 | D:5      | Entered Level 5 of the Dungeon
  5685 | D:5      | Reached skill level 5 in Dodging
  5739 | D:5      | Noticed isock's ghost (amateur GnWn)
  5870 | D:5      | Killed isock's ghost
  5870 | D:5      | Reached skill level 5 in Armour
  6517 | D:5      | Found an iron altar of Okawaru.
  6520 | D:5      | Reached XP level 9. HP: 68/69 MP: 12/12
  6548 | D:5      | Became a worshipper of Warmaster Okawaru
  6954 | D:6      | Reached skill level 1 in Invocations
  7250 | D:6      | Found an ornate altar of the Wu Jian Council.
  7316 | D:6      | Noticed handsome's ghost (novice SpGl)
  8495 | D:7      | Reached * piety under Okawaru
  8698 | D:7      | Noticed a two-headed ogre
  8711 | D:7      | Killed a two-headed ogre
  8711 | D:7      | Reached XP level 10. HP: 50/79 MP: 13/13
  8887 | D:7      | Reached ** piety under Okawaru
  9074 | D:7      | Found a burning altar of Makhleb.
  9135 | D:7      | Found a white marble altar of Elyvilon.
  9224 | D:7      | Found a blossoming altar of Fedhas.
  9397 | D:7      | Found a staircase to the Ecumenical Temple.
  9826 | D:7      | Noticed an oklob plant
  9931 | Temple   | Entered the Ecumenical Temple
 10266 | D:8      | Found a staircase to the Lair.
 10768 | D:8      | Noticed a two-headed ogre
 10791 | D:8      | Killed a two-headed ogre
 10791 | D:8      | Reached *** piety under Okawaru
 10791 | D:8      | Reached skill level 5 in Invocations
 11222 | D:8      | Found a radiant altar of Vehumet.
 11265 | D:8      | Learned a level 2 spell: Song of Slaying
 11291 | D:9      | Noticed a two-headed ogre
 11431 | D:8      | HP: 2/80 [two-headed ogre/giant spiked club (19)]
 11433 | D:8      | Killed a two-headed ogre
 11776 | D:9      | Got a pair of brightly glowing gloves
 11782 | D:9      | Reached **** piety under Okawaru
 11782 | D:9      | Reached XP level 11. HP: 79/86 MP: 15/15
 11812 | D:8      | Identified the +3 pair of gloves of Sicymoc {*Corrode rElec rC+ Int+2} (You found it on level 9 of the Dungeon)
 11890 | D:9      | Got a heavily runed chain mail
 11917 | D:8      | Identified the +4 chain mail of Ideoxter {rCorr} (You found it on level 9 of the Dungeon)
 12084 | D:9      | Noticed a two-headed ogre
 12090 | D:9      | Killed a two-headed ogre
 12215 | D:9      | Found a hide-covered altar of Uskayaw.
 12702 | D:10     | Entered Level 10 of the Dungeon
 13166 | D:10     | Reached ***** piety under Okawaru
 13353 | D:10     | Found a portal to a secret trove of treasure.
 13447 | D:10     | Killed an unseen horror
 13447 | D:10     | Received a gift from Okawaru
 14139 | D:10     | Noticed Nergalle
 14158 | D:10     | Killed Nergalle
 14357 | D:11     | Noticed Josephine
 14421 | D:11     | Killed Josephine
 14421 | D:11     | Reached XP level 12. HP: 58/96 MP: 17/17
 14672 | Lair:1   | Entered Level 1 of the Lair of Beasts
 14823 | Lair:1   | Found a blossoming altar of Fedhas.
 15000 | Lair:1   | Received a gift from Okawaru
 15727 | Lair:2   | Reached skill level 10 in Fighting
 15742 | Lair:2   | Found a staircase to the Snake Pit.
 15848 | Lair:2   | Reached skill level 10 in Long Blades
 16095 | Lair:2   | Reached skill level 10 in Armour
 16132 | Lair:2   | Noticed a queen ant
 16147 | Lair:2   | Killed a queen ant
 16303 | Lair:2   | Received a gift from Okawaru
 16331 | Lair:2   | Got a pair of scorched gloves {god gift}
 16332 | Lair:2   | Reached skill level 10 in Shields
 16350 | Lair:2   | Identified the +1 pair of gloves "Xuppycom" {MR+ Dex+3} (Okawaru gifted it to you on level 2 of the Lair of Beasts)
 16715 | Lair:3   | Gained mutation: You can hop long distances. [Barachi growth]
 16715 | Lair:3   | Reached XP level 13. HP: 99/104 MP: 19/19
 16894 | Lair:3   | Reached skill level 10 in Dodging
 16913 | Lair:3   | Noticed Sonja
 16961 | Lair:3   | Reached skill level 5 in Spellcasting
 17364 | Lair:3   | Killed Sonja
 17392 | Lair:3   | Noticed Harold
 17407 | Lair:3   | Killed Harold
 17736 | Lair:4   | Found a frozen archway.
 17764 | IceCv    | Entered an ice cave
 17777 | IceCv    | HP: 2/106 [swamp dragon simulacrum (6)]
 18085 | Lair:4   | Reached ****** piety under Okawaru
 18100 | Lair:4   | Received a gift from Okawaru
 18106 | Lair:4   | Got a scorched scimitar {god gift}
 18109 | Lair:4   | Identified the +5 scimitar of Intimidation {vamp, *Slow Str+2 Dex+7 Stlth+} (Okawaru gifted it to you on level 4 of the Lair of Beasts)
 18535 | Lair:4   | Found a staircase to the Swamp.
 18915 | Lair:5   | Identified the Incunabulum of a Million Yaks
 18987 | Lair:5   | Reached XP level 14. HP: 114/114 MP: 23/23
 19020 | Lair:5   | Received a gift from Okawaru
 19355 | Lair:6   | Entered Level 6 of the Lair of Beasts
 19401 | Lair:6   | Got a bound ruby amulet
 19455 | Lair:6   | Identified the amulet "Zenlaciq" {Faith *Corrode rF+ Str+4 Dex+3} (You found it on level 6 of the Lair of Beasts)
 19459 | Lair:6   | Identified a scroll of acquirement
 19463 | Lair:6   | Got a transparent double sword
 19464 | Lair:6   | Identified the +7 double sword of the Seven Ships {freeze, -Tele *Rage rPois rN+++} (You acquired it on level 6 of the Lair of Beasts)
 19473 | Lair:6   | Found a staircase to the Slime Pits.
 19552 | Lair:6   | Received a gift from Okawaru
 20309 | Lair:6   | Received a gift from Okawaru
 20347 | Lair:6   | Identified the Tome of Dislocation
 20792 | D:11     | Noticed Grum
 20832 | D:11     | Killed Grum
 20882 | D:11     | Noticed a tengu reaver
 20893 | D:11     | Killed a tengu reaver
 20981 | D:11     | Found a staircase to the Orcish Mines.
 21096 | Orc:1    | Entered Level 1 of the Orcish Mines
 21174 | Orc:1    | Noticed Erolcha
 21180 | Orc:1    | Noticed Erica
 21184 | Orc:1    | Killed Erolcha
 21191 | Orc:1    | Killed Erica
 21393 | Orc:2    | Entered Level 2 of the Orcish Mines
 21393 | Orc:2    | Found a staircase to the Elven Halls.
 21445 | Orc:2    | Reached XP level 15. HP: 101/122 MP: 26/26
 22170 | Orc:2    | Found Jolutugo's General Store.
 22172 | Orc:2    | Found Pengoyl's Weapon Shoppe.
 22172 | Orc:2    | Found Lages's Jewellery Shoppe.
 22180 | Orc:2    | Found Suapsex's Weapon Emporium.
 22248 | Orc:2    | Found Vaoq's Magic Scroll Emporium.
 22257 | Orc:2    | Bought a scroll of brand weapon for 360 gold pieces
 22257 | Orc:2    | Bought a scroll of identify for 36 gold pieces
 22257 | Orc:2    | Bought a scroll of identify for 36 gold pieces
 22257 | Orc:2    | Bought a scroll of identify for 36 gold pieces
 22402 | Orc:2    | Learned a level 1 spell: Apportation
 22723 | D:11     | Found Kunkyek's Weapon Emporium.
 23198 | D:12     | Found Jufohusm's Book Shop.
 23293 | D:12     | Noticed Azrael
 23313 | D:12     | Killed Azrael
 23313 | D:12     | Received a gift from Okawaru
 23361 | D:12     | Found Zuedieb's Antique Armour Emporium.
 23674 | D:12     | Found Lyfip's Book Emporium.
 23717 | D:12     | Got a steaming scale mail
 23800 | D:12     | Found Naunke Nyru's Gadget Shoppe.
 23931 | D:12     | Found Jydaph's Armour Shoppe.
 24002 | D:12     | Identified the +6 scale mail "Zisapt" {Str+2} (You found it on level 12 of the Dungeon)
 24179 | D:13     | Got a jewelled ring mail
 24190 | D:13     | Identified the +1 ring mail "Azaoshom" {Regen+ SInv} (You found it on level 13 of the Dungeon)
 24267 | D:13     | Found Jumo's Armour Shop.
 24603 | D:13     | You fall through a shaft!
 24926 | D:14     | Received a gift from Okawaru
 25218 | D:14     | Learned a level 2 spell: Ensorcelled Hibernation
 25372 | D:14     | Found Ticen's Antique Armour Shoppe.
 25743 | D:14     | Found a gate to the Vaults.
 25946 | D:15     | Entered Level 15 of the Dungeon
 26067 | D:15     | Reached XP level 16. HP: 98/130 MP: 29/29
 26207 | D:14     | Reached skill level 10 in Spellcasting
 26405 | D:15     | Received a gift from Okawaru
 26408 | D:15     | Got a steaming falchion {god gift}
 26409 | D:15     | Identified the +6 falchion of Ewnif {slice, +Blink rElec} (Okawaru gifted it to you on level 15 of the Dungeon)
 26480 | D:15     | Found a staircase to the Depths.
 26523 | D:15     | Noticed Nessos
 26535 | D:15     | Killed Nessos
 26540 | D:15     | Noticed TySteely's ghost (journeyman DrTm)
 26564 | D:15     | Killed TySteely's ghost
 27351 | D:12     | Bought a +0 pair of boots for 63 gold pieces
 27351 | D:12     | Bought a +0 cloak for 63 gold pieces
 27628 | Swamp:1  | Entered Level 1 of the Swamp
 27628 | Swamp:1  | Noticed a thorn hunter
 27649 | Swamp:1  | Killed a thorn hunter
 27649 | Swamp:1  | Reached skill level 1 in Ice Magic
 27722 | Swamp:1  | Received a gift from Okawaru
 28018 | Swamp:1  | Noticed Louise
 28034 | Swamp:1  | Killed Louise
 28034 | Swamp:1  | Reached skill level 5 in Ice Magic
 30011 | Swamp:4  | Entered Level 4 of the Swamp
 30044 | Swamp:4  | Reached XP level 17. HP: 116/136 MP: 34/34
 30077 | Swamp:4  | Upgraded the game from 0.22-a0-40-g3d2f077 to 0.22-a0-42-g002c468
 30485 | Swamp:4  | Got a slimy granite ring
 30487 | Swamp:4  | Identified the ring "Laos" {Fire rElec rPois MR+} (You took it off a spriggan rider on level 4 of the Swamp)
 30504 | Swamp:4  | Received a gift from Okawaru
 30624 | Swamp:4  | Killed from afar by a lindwurm

Vault maps used:
D:1:      lightli_arrival_maybe_door_vault
D:2:      grunt_dithmenos_smoke_and_mirrors, kennysheep_generic_room_13
D:3:      cheibrodos_thug_alley, lemuel_crystal_altar, lemuel_doored_altar,
          xom_teletrap_fun, uniq_natasha
D:4:      mumra_celtic_spiral_tile, led_sif_book, nicolae_ossuary_entry_plus,
          serial_forest, infiniplex_forest_lined_1, infiniplex_forest_3_way,
          infiniplex_forest_lined_room_2, infiniplex_forest_lined_1,
          infiniplex_forest_lined_1, infiniplex_forest_lined_3,
          infiniplex_forest_clump_tiny, first_ration, uniq_duvessa, uniq_grinder
D:5:      okawaru_metal_pillars_1_2
D:6:      kennysheep_slugbush, lemuel_round_altar, lemuel_round_altar,
          grunt_ministairs_6
D:7:      elyvilon_altar_3, kennysheep_little_box, tgw_fedhas,
          minmay_temple_entry_nine_rooms, minmay_misc_feat_tiny
D:8:      vehumet_statue, dpeg_oklobed_lair
D:9:      nicolae_overflow_hidden_temple
D:10:     enter_trove_1, hangedman_fish_farm, uniq_nergalle
D:11:     minmay_shrinking_squares, zombieorc2_lemuel, serial_shops,
          nicolae_shop_waterfront, uniq_grum, uniq_josephine
D:12:     serial_shops, nicolae_shop_trees, nicolae_shop_behind_doors,
          nicolae_shop_crystal, kennysheep_mini_moat, nicolae_shop_statue_plus,
          uniq_azrael
D:13:     serial_shops, shop_statue
D:14:     hangedman_vaults_entry_quadrant_bands, serial_shops,
          nicolae_shop_stone
D:15:     grunt_enter_depths_hoard, minivault_14, serial_bayou_pond_e,
          uniq_nessos
Temple:   jpeg_temple_alley_garden
Lair:1:   basic_altar, serial_bayou_shore_a
Lair:2:   dummy_snake_entry, zaba_anthell, lemuel_fruit_fields
Lair:3:   uniq_sonja, uniq_harold
Lair:4:   nicolae_swamp_entry_splash_gauntlet, portal_ice_cave_entry_ice_beasts,
          serial_bayou_lagoon_a, grunt_megastairs_1
Lair:5:   beast_lair_carwin_7
Lair:6:   gammafunk_lair_ancient_temple, minmay_slime_entry_jelly_boxes,
          serial_bayou_pond_d, serial_bayou_ford_a
Swamp:1:  evilmike_swamp_ruin_rubble_2, infiniplex_staircase_pool, uniq_louise
Swamp:2:  hangedman_swamp_pad
Swamp:3:  evilmike_swamp_ruin_house_4, nicolae_swamp_oklob_treasure_island
Swamp:4:  swamp_fiery
Orc:1:    uniq_erolcha, uniq_erica
Orc:2:    st_orc_mages, serial_shops, shop_scrolls
IceCv:    ice_cave_small_necro

Skill      XL: |  1  2  3  4  5  6  7  8  9 10 11 12 13 14 15 16 17 |
---------------+----------------------------------------------------+-----
Armour         | 2 3 4 5 6 8 9 10 11 12 13 | 13.1
Fighting       | 3 4 6 7 8 9 10 11 12 13 | 13.1
Long Blades    | 3 4 6 7 8 9 10 11 12 13 | 13.1
Shields        | 2 3 5 6 8 9 10 11 13 | 13.1
Dodging        | 3 4 5 6 7 8 9 10 11 13 | 13.1
Invocations    | 3 5 7 |  7.2
Spellcasting   | 4 6 7 9 13 | 13.5
Ice Magic      | 7 9 |  9.3
Charms         | |  3.2

Action                   |  1- 3 |  4- 6 |  7- 9 | 10-12 | 13-15 | 16-18 || total
-------------------------+-------+-------+-------+-------+-------+-------++-------
Melee: Falchion          |   156 |    11 |       |       |       |   461 ||   628
       Dagger            |       |    85 |    61 |       |       |       ||   146
       Long sword        |       |     3 |       |       |       |       ||     3
       Short sword       |       |   142 |   511 |   174 |       |       ||   827
       Whip              |       |       |       |    72 |       |       ||    72
       Scimitar          |       |       |       |   292 |   288 |    52 ||   632
       Demon blade       |       |       |       |   451 |   231 |       ||   682
       Unarmed           |       |       |       |     3 |       |       ||     3
       Double sword      |       |       |       |       |   775 |   281 ||  1056
       Hand axe          |       |       |       |       |    15 |       ||    15
Throw: Tomahawk          |       |     2 |       |     2 |       |       ||     4
Invok: Heroism           |       |       |     1 |    17 |    17 |    15 ||    50
 Abil: Hop               |     1 |       |     1 |     4 |     4 |     5 ||    15
Evoke: Wand              |       |       |     9 |    14 |     4 |       ||    27
       Box of beasts     |       |       |       |       |       |     1 ||     1
  Use: Scroll            |     3 |       |     1 |    10 |    10 |     9 ||    33
       Potion            |       |       |       |     7 |       |     1 ||     8
 Stab: Confused          |       |       |       |       |       |     1 ||     1
  Eat: Chunk             |     3 |     7 |    16 |    15 |    31 |    12 ||    84
       Ration            |       |       |     1 |     4 |     3 |     2 ||    10
Armor: Leather armour    |    10 |       |       |       |       |       ||    10
       Plate armour      |   135 |   125 |   331 |   198 |       |       ||   789
       Chain mail        |       |       |       |   326 |   602 |   471 ||  1399
Dodge: Dodged            |    21 |    11 |    54 |   215 |   470 |   249 ||  1020
Block: Shield            |    51 |    79 |   255 |   475 |   826 |   170 ||  1856
       Large shield      |       |       |       |       |       |   415 ||   415
       Rpst.: Falchion   |     8 |       |       |       |       |    29 ||    37
       Scimitar          |       |       |       |    22 |    28 |       ||    50
       Demon blade       |       |       |       |    36 |    16 |       ||    52
       Double sword      |       |       |       |       |    70 |    27 ||    97

Table legend:
 A = Spawn XP
 B = Non-spawn XP
 C = Spawn XP percentage of total XP
 D = Spawn monster count
 E = Non-spawn monster count
 F = Spawn count percentage of total count
 G = Total turns spent on level
                    A         B        C        D         E        F      G
               +---------+---------+-------+---------+---------+-------+---------
         Total |       0 |  195791 |   0.0 |       0 |     974 |   0.0 | 30624
               +---------+---------+-------+---------+---------+-------+---------
           D:1 |       0 |      75 |   0.0 |       0 |      27 |   0.0 |  1567
           D:2 |       0 |     178 |   0.0 |       0 |      26 |   0.0 |   799
           D:3 |       0 |     312 |   0.0 |       0 |      34 |   0.0 |  1299
           D:4 |       0 |    1051 |   0.0 |       0 |      30 |   0.0 |  2040
           D:5 |       0 |    1259 |   0.0 |       0 |      29 |   0.0 |  2098
           D:6 |       0 |     468 |   0.0 |       0 |      13 |   0.0 |   634
           D:7 |       0 |    2745 |   0.0 |       0 |      41 |   0.0 |  1623
           D:8 |       0 |    3287 |   0.0 |       0 |      36 |   0.0 |  1855
           D:9 |       0 |    2638 |   0.0 |       0 |      18 |   0.0 |   853
          D:10 |       0 |    5794 |   0.0 |       0 |      40 |   0.0 |  1770
          D:11 |       0 |    8196 |   0.0 |       0 |      54 |   0.0 |  1006
          D:12 |       0 |    9695 |   0.0 |       0 |      44 |   0.0 |  1152
          D:13 |       0 |    4615 |   0.0 |       0 |      15 |   0.0 |   772
          D:14 |       0 |   20229 |   0.0 |       0 |      61 |   0.0 |  1408
          D:15 |       0 |   16368 |   0.0 |       0 |      29 |   0.0 |  1048
        Lair:1 |       0 |    3549 |   0.0 |       0 |      18 |   0.0 |   880
        Lair:2 |       0 |    9025 |   0.0 |       0 |      71 |   0.0 |  1203
        Lair:3 |       0 |   11632 |   0.0 |       0 |      37 |   0.0 |   974
        Lair:4 |       0 |    5838 |   0.0 |       0 |      31 |   0.0 |  1131
        Lair:5 |       0 |    7865 |   0.0 |       0 |      32 |   0.0 |   831
        Lair:6 |       0 |   20262 |   0.0 |       0 |      67 |   0.0 |  1060
       Swamp:1 |       0 |   17308 |   0.0 |       0 |      37 |   0.0 |   753
       Swamp:2 |       0 |    4690 |   0.0 |       0 |      22 |   0.0 |   518
       Swamp:3 |       0 |   13503 |   0.0 |       0 |      47 |   0.0 |  1382
       Swamp:4 |       0 |   14939 |   0.0 |       0 |      30 |   0.0 |   343
         Orc:1 |       0 |    5049 |   0.0 |       0 |      16 |   0.0 |   611
         Orc:2 |       0 |    4958 |   0.0 |       0 |      68 |   0.0 |   786
         IceCv |       0 |     263 |   0.0 |       0 |       1 |   0.0 |    17
               +---------+---------+-------+---------+---------+-------+---------
